 Dungeon Crawl Stone Soup version 0.28-a0-1524-ge72afd5fc6 (webtiles) character file.

Game seed: 7746195218737273328

308 oldriver the Chopper (level 6, -1/53 HPs)
             Began as a Gnoll Cinder Acolyte on Jan 17, 2022.
             Was a High Priest of Ignis.
             Slain by a wyvern (9 damage)
             ... on level 4 of the Dungeon.
             The game lasted 00:04:20 (4051 turns).

oldriver the Chopper (Gnoll Cinder Acolyte)         Turns: 4051, Time: 00:04:28

Health: -1/53      AC:  2    Str: 16    XL:     6   Next: 40%
Magic:  11/11      EV: 11    Int: 13    God:    Ignis [*****.]
Gold:   87         SH:  0    Dex:  7    Spells: 9/11 levels left

rFire   + . .      SeeInvis +   o - +6 spear of a Gauntlet {venom, SInv}
rCold   . . .      Faith    .   (no shield)
rNeg    . . .      Spirit   .   b - +0 robe
rPois   .          Reflect  .   (no helmet)
rElec   .          Harm     .   (no cloak)
rCorr   .          Rampage  .   (no gloves)
Will    .....                   (no boots)
Stlth   ++........              (no amulet)
HPRegen 0.17/turn               (no ring)
MPRegen 0.12/turn               (no ring)

@: no status effects
A: fangs 1, strong nose, distributed training
a: Renounce Religion, Fiery Armour, Foxfire Swarm, Rising Flame


You were on level 4 of the Dungeon.
You worshipped Ignis.
Ignis was extremely pleased with you.
You visited 1 branch of the dungeon, and saw 4 of its levels.

You collected 87 gold pieces.

Inventory:

Hand Weapons
 o - the +6 spear of a Gauntlet (weapon) {venom, SInv}
   (You found it on level 4 of the Dungeon)

   It poisons the flesh of those it strikes.
   SInv:      It lets you see invisible.
Armour
 b - a +0 robe (worn)
Scrolls
 a - a scroll of magic mapping {unknown}
 c - 3 scrolls of teleportation {unknown}
 d - a scroll of summoning {unknown}
 g - a scroll of silence {unknown}
 h - a scroll of fog {unknown}
 j - 3 scrolls of identify {unknown}
 k - a scroll of enchant armour {unknown}
 m - 2 scrolls of fear {unknown}
 n - a scroll of immolation {unknown}
Potions
 f - a potion of berserk rage {unknown}
 i - a potion of flight {unknown}
 l - a potion of magic {unknown}


   Skills:
 + Level 6.8 Fighting
 + Level 2.0 Short Blades
 + Level 2.0 Long Blades
 + Level 6.8 Axes
 + Level 2.0 Maces & Flails
 + Level 2.0 Polearms
 + Level 2.0 Staves
 + Level 2.0 Slings
 + Level 2.0 Bows
 + Level 2.0 Crossbows
 + Level 2.0 Throwing
 + Level 2.0 Armour
 + Level 2.0 Dodging
 + Level 2.0 Stealth
 + Level 2.0 Shields
 + Level 2.0 Unarmed Combat
 + Level 3.4 Spellcasting
 + Level 1.5 Conjurations
 + Level 1.5 Hexes
 + Level 1.5 Summonings
 + Level 1.5 Necromancy
 + Level 1.5 Translocations
 + Level 1.5 Transmutations
 + Level 5.6 Fire Magic
 + Level 1.5 Ice Magic
 + Level 1.5 Air Magic
 + Level 1.5 Earth Magic
 + Level 1.5 Poison Magic
 + Level 2.1 Invocations
 + Level 2.0 Evocations


You had 9 spell levels left.
You knew the following spells:

 Your Spells              Type           Power      Damage    Failure   Level
a - Scorch                Fire           34%        2d6       3%          2

Your spell library contained the following spells:

 Spells                   Type           Power      Damage    Failure   Level
 Beastly Appendage        Tmut           12%        N/A       12%         1
 Wereblood                Tmut           6%         N/A       19%         2
 Spider Form              Tmut/Pois      6%         N/A       34%         3


Dungeon Overview and Level Annotations

Branches:
Dungeon (4/15)
 Temple: D:4-7

Altars:

Annotations:
D:2 1 runed translucent door, Crazy Yiuf


Innate Abilities, Weirdness & Mutations

You have very sharp teeth.
Your uncanny sense of smell can sniff out nearby items.
Your experience applies equally to all skills.


Message History

Your Long Blades skill increases to level 2!
Your Maces & Flails skill increases to level 2!
Your Polearms skill increases to level 2!
Your Staves skill increases to level 2!
Your Slings skill increases to level 2!
Your Bows skill increases to level 2!
Your Crossbows skill increases to level 2!
Your Throwing skill increases to level 2!
Your Armour skill increases to level 2!
Your Dodging skill increases to level 2!
Your Stealth skill increases to level 2!
Your Shields skill increases to level 2!
Your Unarmed Combat skill increases to level 2!
Your Evocations skill increases to level 2!
HP restored.
Things that are here:
a +0 giant club; an ogre corpse
a - a scroll labelled ASINETIWERR You now have 87 gold pieces (gained 13).
A wyvern comes into view.
Found a pair of gloves.
A wyvern is nearby!
A wyvern is nearby!
A wyvern is nearby!
A wyvern is nearby!
The helpless wyvern fails to defend itself.
You hit the wyvern.
The wyvern is poisoned.
You bite the wyvern, but do no damage.
The wyvern is lightly wounded.
The wyvern bites you!! The wyvern bites you.
You closely miss the wyvern.
The wyvern is moderately wounded.
The wyvern bites you.
You are too injured to fight recklessly!
You hit the wyvern.
The wyvern looks as sick as possible!
Your punch misses the wyvern.
The wyvern is heavily wounded.
The wyvern bites you!
* * * LOW HITPOINT WARNING * * *
The wyvern bites you!
You die...

#.#.#.#.#
#...#...#
##..#..###
##....#.#
##..##.#
#...#.#
##.##.#
#..#[##
###@# #l##
##


You could see a wyvern (extremely poisoned).

Vanquished Creatures
  An ogre (D:4)
  A phantom (D:3)
  A jelly (D:4)
  A hound zombie (D:4)
  3 adders
  3 worms
  5 dart slugs
  2 orcs (D:3)
  6 bats
  5 endoplasms
  2 giant cockroaches (D:1)
  5 goblins
  A hobgoblin (D:2)
  7 jackals
  4 ball pythons
  2 frilled lizards
  9 kobolds
  6 rats
64 creatures vanquished.

Vanquished Creatures (others)
  9 plants
9 creatures vanquished.

Grand Total: 73 creatures vanquished

Notes
Turn   | Place    | Note
-------+----------+-------------------------------------------
     0 | D:1      | oldriver the Gnoll Cinder Acolyte began the quest for the
                  | Orb.
     0 | D:1      | Reached XP level 1. HP: 23/23 MP: 4/4
   128 | D:1      | Reached XP level 2. HP: 27/29 MP: 5/5
   391 | D:1      | Learned a level 2 spell: Scorch
   633 | D:1      | Reached XP level 3. HP: 29/35 MP: 1/7
   967 | D:1      | Found a faded altar of an unknown god.
  1275 | D:2      | Found a runed translucent door.
  1276 | D:2      | Noticed Crazy Yiuf
  1312 | D:2      | Reached skill level 1 in Invocations
  1426 | D:2      | Reached skill level 1 in Short Blades
  1426 | D:2      | Reached skill level 1 in Long Blades
  1426 | D:2      | Reached skill level 1 in Maces & Flails
  1426 | D:2      | Reached skill level 1 in Polearms
  1426 | D:2      | Reached skill level 1 in Staves
  1426 | D:2      | Reached skill level 1 in Slings
  1426 | D:2      | Reached skill level 1 in Bows
  1426 | D:2      | Reached skill level 1 in Crossbows
  1426 | D:2      | Reached skill level 1 in Throwing
  1426 | D:2      | Reached skill level 1 in Armour
  1426 | D:2      | Reached skill level 1 in Dodging
  1426 | D:2      | Reached skill level 1 in Stealth
  1426 | D:2      | Reached skill level 1 in Shields
  1426 | D:2      | Reached skill level 1 in Unarmed Combat
  1426 | D:2      | Reached skill level 1 in Evocations
  1721 | D:2      | Reached XP level 4. HP: 31/41 MP: 1/8
  2705 | D:3      | Reached skill level 1 in Conjurations
  2705 | D:3      | Reached skill level 1 in Hexes
  2705 | D:3      | Reached skill level 1 in Summonings
  2705 | D:3      | Reached skill level 1 in Necromancy
  2705 | D:3      | Reached skill level 1 in Translocations
  2705 | D:3      | Reached skill level 1 in Transmutations
  2705 | D:3      | Reached skill level 1 in Ice Magic
  2705 | D:3      | Reached skill level 1 in Air Magic
  2705 | D:3      | Reached skill level 1 in Earth Magic
  2705 | D:3      | Reached skill level 1 in Poison Magic
  3641 | D:4      | Noticed a phantom
  3647 | D:3      | Killed a phantom
  3648 | D:3      | Reached XP level 5. HP: 35/47 MP: 0/9
  3893 | D:4      | Identified the +6 spear of a Gauntlet {venom, SInv}
  3961 | D:4      | Noticed an ogre
  3987 | D:4      | Killed an ogre
  3988 | D:4      | Reached XP level 6. HP: 53/53 MP: 9/11
  4048 | D:4      | Noticed a wyvern
  4051 | D:4      | Slain by a wyvern

Illustrated notes

Levels and vault maps discovered:
D:1:      dpeg_arrival_arbitrary_c, layout_loops_ring,
          dilly_ecumenical_altar_fadedgnrine
D:2:      layout_rooms, uniq_crazy_yiuf_cottage
D:3:      layout_basic, kennysheep_generic_room_7
D:4:      wad_crossroads, layout_rooms, general_overflow_altar, serial_forest,
          infiniplex_forest_lined_3, infiniplex_forest_side_room,
          infiniplex_forest_corner_1, infiniplex_forest_lined_room_,
          infiniplex_forest_end_2, infiniplex_forest_clump_curved

Skill      XL: |  1  2  3  4  5  6 |
---------------+-------------------+-----
Invocations    | 1 2 |  2.1
Short Blades   | 1 2 |  2.0
Long Blades    | 1 2 |  2.0
Maces & Flails | 1 2 |  2.0
Polearms       | 1 2 |  2.0
Staves         | 1 2 |  2.0
Slings         | 1 2 |  2.0
Bows           | 1 2 |  2.0
Crossbows      | 1 2 |  2.0
Throwing       | 1 2 |  2.0
Armour         | 1 2 |  2.0
Dodging        | 1 2 |  2.0
Stealth        | 1 2 |  2.0
Shields        | 1 2 |  2.0
Unarmed Combat | 1 2 |  2.0
Evocations     | 1 2 |  2.0
Spellcasting   | 3 |  3.4
Conjurations   | 1 |  1.5
Hexes          | 1 |  1.5
Summonings     | 1 |  1.5
Necromancy     | 1 |  1.5
Translocations | 1 |  1.5
Transmutations | 1 |  1.5
Ice Magic      | 1 |  1.5
Air Magic      | 1 |  1.5
Earth Magic    | 1 |  1.5
Poison Magic   | 1 |  1.5
Fighting       | |  6.8
Axes           | |  6.8
Fire Magic     | |  5.6

Action                   |  1- 3 |  4- 6 || total
-------------------------+-------+-------++-------
Melee: Hand axe          |    57 |     2 ||    59
       Bite              |     5 |     2 ||     7
       Punch             |     1 |       ||     1
       Spear             |       |    17 ||    17
 Cast: Scorch            |    28 |    37 ||    65
 Stab: Sleeping          |       |     1 ||     1
Armor: Robe              |    14 |     4 ||    18
Dodge: Dodged            |    37 |    19 ||    56

Table legend: (Time is in decaauts)
 A = Elapsed time spent in this place.
 B = Non-inter-level travel time spent in this place.
 C = Inter-level travel time spent in this place.
 D = Time resting spent in this place.
 E = Time spent auto-exploring this place.
 F = Levels seen in this place.
 G = Mean time per level.
                   A        B        C        D        E       F      G
               +--------+--------+--------+--------+--------+-----+--------+
         Total |   4050 |   3894 |    156 |   1089 |   2299 |   4 | 1012.5 |
       Dungeon |   4050 |   3894 |    156 |   1089 |   2299 |   4 | 1012.5 |
               +--------+--------+--------+--------+--------+-----+--------+

Top non-repeatable levels by time:
     D:3: 1696 daAuts
     D:1: 1207 daAuts
     D:2: 961 daAuts
     D:4: 185 daAuts
